 Dungeon Crawl Stone Soup version 0.27.1-4-g1640c2035a (webtiles) character file.

Game seed: 2974707360471431938

285 Seraph124 the Cutter (level 6, 0/52 HPs)
             Began as a Draconian Berserker on Nov 10, 2021.
             Was a Believer of Trog.
             Slain by a kobold (1 damage)
             ... on level 4 of the Dungeon.
             The game lasted 00:12:23 (3587 turns).

Seraph124 the Cutter (Draconian Berserker)          Turns: 3587, Time: 00:12:29

Health: 0/52       AC:  6    Str: 21    XL:     6   Next: 7%
Magic:  6/6        EV: 13    Int:  8    God:    Trog [**....]
Gold:   136        SH:  0    Dex: 10    Spells: 5/5 levels left

rFire    . . .     SeeInvis .   a - +0 short sword
rCold    . . .     Faith    +   (no shield)
rNeg     . . .     Spirit   .   (armour unavailable)
rPois    .         Reflect  .   (helmet restricted)
rElec    .         Harm     .   (no cloak)
rCorr    .         Rampage  .   (no gloves)
Will     .....                  (no boots)
Stlth    ++........             i - amulet of faith
HPRegen  0.17/turn              (no ring)
MPRegen  0.10/turn              (no ring)

@: on berserk cooldown, slowed, very slow
A: AC +6, unfitting armour, cold-blooded
a: Renounce Religion, Berserk, Trog's Hand


You were on level 4 of the Dungeon.
You worshipped Trog.
Trog was pleased with you.
You visited 1 branch of the dungeon, and saw 4 of its levels.

You collected 136 gold pieces.

Inventory:

Hand Weapons
 a - a +0 short sword (weapon)
Jewellery
 i - an amulet of faith (around neck)
Wands
 g - a wand of polymorph (11)
Scrolls
 b - 2 scrolls of identify {unknown}
 d - a scroll of amnesia {unknown}
 h - 2 scrolls of enchant armour {unknown}
 j - a scroll of teleportation {unknown}
Potions
 c - 2 potions of haste {unknown}
 e - 3 potions of curing {unknown}
 f - a potion of mutation {unknown}
 k - a potion of ambrosia {unknown}
 l - a potion of flight {unknown}


   Skills:
 + Level 4.2 Fighting
 + Level 4.9 Short Blades
 + Level 4.2 Dodging
 + Level 1.4 Stealth


You had 5 spell levels left.
You didn't know any spells.
Your spell library was empty.

Dungeon Overview and Level Annotations

Branches:
Dungeon (4/15)
 Temple: D:4-7

Altars:
Wu Jian

Annotations:
D:4 Grinder


Innate Abilities, Weirdness & Mutations

Your plain brown scales are hard. (AC +6)
You cannot fit into any form of body armour.
You are cold-blooded and may be slowed by cold attacks.


Message History

The kobold hits you but does no damage. The worm completely misses you.
Grinder hits you.
You writhe in agony.
The kobold hits you with a +2 whip of freezing.
You feel as though you will be slow longer.
The kobold freezes you.
* * * LOW HITPOINT WARNING * * *
The kobold hits you but does no damage.
Grinder blinks!
The kobold hits you but does no damage. The worm bites you but does no damage.
You are no longer berserk.
You feel as though you will be slow longer.
The kobold hits you with a +0 dagger.
* * * LOW HITPOINT WARNING * * *
The kobold hits you with a +2 whip of freezing.
* * * LOW HITPOINT WARNING * * *
The kobold freezes you.
* * * LOW HITPOINT WARNING * * *
The kobold hits you but does no damage. The worm bites you.
* * * LOW HITPOINT WARNING * * *
The kobold hits you but does no damage.
You can move again.
You hit the worm but do no damage. You tail-slap the worm.
The worm is lightly wounded.
An adder comes into view.
The kobold hits you with a +0 dagger.
* * * LOW HITPOINT WARNING * * *
The kobold hits you with a +2 whip of freezing.
* * * LOW HITPOINT WARNING * * *
The kobold freezes you.
* * * LOW HITPOINT WARNING * * *
The worm barely misses you. The kobold misses you.
The adder moves out of view.
You hit the worm.
The worm is moderately wounded.
Grinder blinks!
The kobold closely misses you. The kobold barely misses you.
You hit the worm.
The worm is heavily wounded.
The kobold hits you with a +2 whip of freezing.
* * * LOW HITPOINT WARNING * * *
You feel as though you will be slow longer.
The kobold freezes you.
You die...

#..#.##..#### ....#....#.#
##...#......#.
#.............
....#..)..... ...........
# ##).(......... #. ..
#.K@w.###...... .## ...
#..K....#..........#
....##)...#..........#...
#K.K.>....##..........#...
#....#..>..#............##
...5##....##.........##...
....................###...
....###.###........###....
... #..###.........#....รท


You could see Grinder, a worm and 2 kobolds.

Vanquished Creatures
  Edmund (D:4)
  A scorpion (D:4)
  4 adders
  An adder skeleton (D:3)
  2 worms
  2 dart slugs (D:2)
  9 orcs
  2 ball pythons
  3 bats
  An endoplasm (D:1)
  6 giant cockroaches
  3 goblins
  5 hobgoblins
  4 quokkas
  3 frilled lizards
  3 kobolds
  A rat (D:1)
51 creatures vanquished.

Notes
Turn   | Place    | Note
-------+----------+-------------------------------------------
     0 | D:1      | Seraph124 the Draconian Berserker began the quest for the
                  | Orb.
     0 | D:1      | Reached XP level 1. HP: 19/19 MP: 1/1
   298 | D:1      | Reached XP level 2. HP: 26/26 MP: 2/2
   975 | D:2      | Reached XP level 3. HP: 31/33 MP: 3/3
  1066 | D:2      | Found a faded altar of an unknown god.
  1241 | D:2      | Reached ** piety under Trog
  1959 | D:3      | Reached XP level 4. HP: 15/40 MP: 4/4
  2647 | D:4      | Found an ornate altar of the Wu Jian Council.
  2663 | D:4      | Noticed an ogre
  2685 | D:4      | Noticed a scorpion
  2702 | D:4      | Killed a scorpion
  2703 | D:4      | Reached skill level 1 in Stealth
  2703 | D:4      | Reached XP level 5. HP: 9/46 MP: 5/5
  2708 | D:4      | HP: 1/46 [poisoned by a scorpion]
  3555 | D:4      | Noticed Edmund
  3560 | D:4      | Noticed Grinder
  3572 | D:4      | Killed Edmund
  3573 | D:4      | Reached XP level 6. HP: 47/52 MP: 6/6
  3580 | D:4      | Paralysed by Grinder for 4 turns
  3587 | D:4      | HP: 1/52 [kobold (2)]
  3587 | D:4      | Slain by a kobold

Illustrated notes

Levels and vault maps discovered:
D:1:      minmay_arrival_stone_box, layout_basic, eino_curves_03
D:2:      layout_basic, ebering_ecumenical_altar_box, minmay_domino_2
D:3:      layout_loops_ring
D:4:      layout_cave_pools, mainiacjoe_overflow_concentric_impassable,
          portal_sewer_entry_e, serial_shops, nicolae_shop_stone, uniq_grinder,
          uniq_edmund, uniq_blork_the_orc

Skill      XL: |  1  2  3  4  5 |
---------------+----------------+-----
Dodging        | 3 4 |  4.2
Short Blades   | 4 |  4.9
Fighting       | 4 |  4.2
Stealth        | 1 |  1.4

Action                   |  1- 3 |  4- 6 || total
-------------------------+-------+-------++-------
Melee: Short sword       |   177 |    74 ||   251
       Tailslap          |    27 |    10 ||    37
Invok: Berserk           |     1 |     3 ||     4
  Use: Scroll            |     1 |       ||     1
 Stab: Sleeping          |     1 |     1 ||     2
Armor: Skin              |    68 |    24 ||    92
Dodge: Dodged            |   123 |    68 ||   191
